 Dungeon Crawl Stone Soup version 0.31-a0-233-g139696dc86 (webtiles) character file.

Game seed: 9628817604776687928

112 qw the Shooter (level 4, -1/28 HPs)
             Began as a Gargoyle Hexslinger on July 7, 2023.
             Slain by Terence
             ... wielding a +0 flail
              (12 damage)
             ... on level 3 of the Dungeon.
             The game lasted 00:00:57 (1946 turns).

qw the Shooter (Gargoyle Hexslinger)                Turns: 1946, Time: 00:00:58

Health: -1/28      AC: 12    Str: 11    XL:     4   Next: 95%
Magic:  5/5        EV: 10    Int: 14    God:
Gold:   49         SH:  0    Dex: 14    Spells: 4/5 levels left

rFire   . . .        Y - +1 sling
rCold   + . .        (no shield)
rNeg    + . .        d - +0 ring mail
rPois   inf          (no helmet)
rElec   +            l - +0 cloak
rCorr   .            m - +0 pair of gloves
SInv    .            (no boots)
Will    .....        b - amulet of faith
Stlth   +            g - ring of protection from cold
HPRegen 0.24/turn    (no ring)
MPRegen 0.09/turn

%: faith
@: no status effects
A: sickness immunity, AC +3, negative energy resistance 1, electricity
resistance, torment resistance 1, petrification resistance, iridescent scales 1,
robust 1
a: no special abilities


You were on level 3 of the Dungeon.
You visited 1 branch of the dungeon, and saw 3 of its levels.

You collected 98 gold pieces.
You spent 49 gold pieces at shops.


Innate Abilities, Weirdness & Mutations

You are immune to sickness and miasma.
Your stone body is resilient. (AC +3)
You are immune to poison.
You resist negative energy. (rN+)
You are resistant to electric shocks. (rElec)
You are resistant to unholy torment.
You are immune to petrification.
You are partially covered in iridescent scales. (AC +2)
You are robust. (+10% HP)


   Skills:
 - Level 2.0 Fighting
 + Level 4.4 Ranged Weapons
 - Level 1.1 Armour
 - Level 1.5 Dodging
 - Level 1.0 Spellcasting
 - Level 2.6 Hexes


You had 4 spell levels left.
You knew the following spells:

 Your Spells              Type           Power      Damage    Failure   Level
a - Slow                  Hex            32%        N/A       21%         1

Your spell library contained the following spells:

 Spells                   Type           Power      Damage    Failure   Level
 Inner Flame              Hex/Fire       4%         N/A       71%         3
 Portal Projectile        Hex/Tloc       8%         N/A       71%         3
 Cause Fear               Hex            4%         N/A       90%         4

Inventory:

Hand Weapons
 Y - a +1 sling (weapon)
Armour
 d - a +0 ring mail (worn)
 l - a +0 cloak (worn)
 m - a +0 pair of gloves (worn)
Jewellery
 b - an amulet of faith (around neck)
 g - a ring of protection from cold (left hand)
Scrolls
 a - a scroll of identify
Potions
 h - 2 potions of mutation
 j - a potion of curing
 o - a potion of haste {unknown}

Dungeon Overview and Level Annotations

Branches:
Dungeon (3/15)

Altars:

Shops:
D:2 [   D:3 ([

Annotations:
D:3 Terence


Message History

The sling bullet closely misses Terence.
Terence hits you with a +0 flail! Terence hits you but does no damage.
You shoot a sling bullet. The sling bullet barely misses Terence.
Terence hits you with a +0 flail.
You shoot a sling bullet.
The sling bullet hits Terence but does no damage.
Terence is heavily wounded.
Terence barely misses you.
You shoot a sling bullet. The sling bullet hits Terence.
Terence is severely wounded.
Terence closely misses you. Terence barely misses you.
You shoot a sling bullet.
The sling bullet hits Terence but does no damage.
Terence is severely wounded.
Terence misses you.
You shoot a sling bullet. The sling bullet hits Terence.
Terence is severely wounded.
Terence closely misses you.
You shoot a sling bullet. The sling bullet barely misses Terence.
Terence closely misses you. Terence barely misses you.
You shoot a sling bullet.
The sling bullet hits Terence but does no damage.
Terence is severely wounded.
Terence hits you with a +0 flail!
You shoot a sling bullet. The sling bullet hits Terence.
Terence is severely wounded.
Terence hits you but does no damage.
You shoot a sling bullet. The sling bullet hits Terence.
Terence is almost dead.
Terence barely misses you.
You shoot a sling bullet.
The sling bullet hits Terence but does no damage.
Terence is almost dead.
Terence misses you. Terence barely misses you.
You shoot a sling bullet. The sling bullet barely misses Terence.
Terence closely misses you.
You shoot a sling bullet. The sling bullet hits Terence.
Terence is almost dead.
Terence hits you with a +0 flail!
You die...

.# . .# ..##### .#
.....!. #.# ....... #.#
.......##.# ....
......@.#.# .. #.#..
.......@..# #.###....
.......#..# ........
..######..########......
##................
......^...............
#.#...................
#.......###.........
#.......# #.....####
#.......# #.....# #


You could see Terence (strong).

Vanquished Creatures
  4 adders (D:2)
  2 worms (D:2)
  An orc (D:3)
  4 endoplasms
  3 giant cockroaches
  3 goblins
  2 hobgoblins (D:1)
  15 jackals (D:1)
  4 kobolds
  3 quokkas
  6 ball pythons
  6 bats
  9 frilled lizards
  A rat (D:2)
63 creatures vanquished.

Notes
Turn   | Place    | Note
-------+----------+-------------------------------------------
     0 | D:1      | qw the Gargoyle Hexslinger began the quest for the Orb.
     0 | D:1      | Reached XP level 1. HP: 12/12 MP: 2/2
     0 | D:1      | 0 ||| qw: Version: 0.3-a-46-gb1f654a
     0 | D:1      | 0 ||| qw: Game counter: 3258
     0 | D:1      | 0 ||| qw: Melee chars always use a shield: true
     0 | D:1      | 0 ||| qw: God list: Okawaru
     0 | D:1      | 0 ||| qw: Allow faded altars: false
     0 | D:1      | 0 ||| qw: Do Orc after clearing Dungeon:15 true
     0 | D:1      | 0 ||| qw: Do second Lair branch before Depths: true
     0 | D:1      | 0 ||| qw: Lair rune preference: random
     0 | D:1      | 0 ||| qw: Goals: Normal
     0 | D:1      | 0 ||| PLANNING D:1-11
    59 | D:1      | Reached XP level 2. HP: 16/16 MP: 3/3
   101 | D:1      | Reached skill level 3 in Ranged Weapons
   289 | D:1      | Reached XP level 3. HP: 15/21 MP: 4/4
   369 | D:1      | Found a faded altar of an unknown god.
   785 | D:1      | 785 ||| UPGRADING to +0 ring mail.
   795 | D:1      | 795 ||| DROPPING +0 robe.
   796 | D:1      | 796 ||| UPGRADING to ring of protection from cold.
   797 | D:1      | 797 ||| READING 3 scrolls labelled HITIORCH WOMAE.
   798 | D:1      | 798 ||| DRINKING 2 ruby potions.
   799 | D:1      | 799 ||| DRINKING 2 orange potions.
   799 | D:1      | Gained mutation: You are partially covered in iridescent
                  | scales. (AC +2) [potion of mutation]
   799 | D:1      | Gained mutation: You are robust. (+10% HP) [potion of
                  | mutation]
   807 | D:1      | 807 ||| DROPPING scroll of poison.
  1006 | D:2      | Reached XP level 4. HP: 21/28 MP: 5/5
  1082 | D:2      | Reached skill level 4 in Ranged Weapons
  1187 | D:2      | Reached skill level 1 in Armour
  1315 | D:2      | Found Fyverch's Armour Shoppe.
  1343 | D:2      | 1343 ||| BUYING +0 cloak (49 gold).
  1343 | D:2      | Bought a +0 cloak for 49 gold pieces
  1343 | D:2      | 1343 ||| SHOPLISTING +0 cloak of Madicw {Str+3 Int-3
                  | Slay+2} (218 gold, have 3).
  1343 | D:2      | 1343 ||| SHOPLISTING +0 pair of gloves of hurling (126
                  | gold, have 3).
  1343 | D:2      | 1343 ||| SHOPLISTING +1 leather armour of poison resistance
                  | (121 gold, have 3).
  1811 | D:2      | 1811 ||| UPGRADING to +0 cloak.
  1816 | D:2      | 1816 ||| UPGRADING to +0 pair of gloves.
  1821 | D:2      | 1821 ||| READING scroll labelled GOXIBI USUARA.
  1821 | D:2      | Identified a scroll of acquirement
  1821 | D:2      | 1821 ||| ACQUIRING amulet of faith
  1821 | D:2      | Acquired an amulet of faith
  1823 | D:2      | 1823 ||| UPGRADING to amulet of faith.
  1828 | D:2      | 1828 ||| READING scroll labelled ESCHOD INUOGAWK.
  1849 | D:2      | 1849 ||| READING scroll labelled ENOMASEUTI.
  1850 | D:2      | 1850 ||| DRINKING 2 pink potions.
  1851 | D:2      | 1851 ||| READING 4 scrolls of identify.
  1851 | D:2      | 1851 ||| IDENTIFYING inky potion
  1852 | D:2      | 1852 ||| READING 3 scrolls of identify.
  1852 | D:2      | 1852 ||| IDENTIFYING white potion
  1853 | D:2      | 1853 ||| READING 2 scrolls of identify.
  1853 | D:2      | 1853 ||| IDENTIFYING purple potion
  1854 | D:2      | 1854 ||| DROPPING potion of magic.
  1855 | D:2      | 1855 ||| DROPPING potion of attraction.
  1856 | D:2      | 1856 ||| DROPPING potion of brilliance.
  1882 | D:3      | Found Azaar's Antique Armour Emporium.
  1892 | D:3      | 1892 ||| SHOPLISTING helmet (108 gold, have 49).
  1905 | D:3      | Found Leselumm's Weapon Shop.
  1921 | D:3      | Noticed Terence
  1932 | D:3      | HP: 4/28 [Terence/+0 flail (5)]
  1933 | D:3      | 1933 ||| DRINKING potion of heal wounds.
  1946 | D:3      | Slain by Terence

Levels and vault maps discovered:
D:1:      shiori_arrival_oz, layout_basic, basic_ecumenical_altar,
          minmay_close_crescents
D:2:      layout_basic, serial_shops, shop, grunt_ministairs_8
D:3:      layout_basic, serial_shops, shop, shop, shop, shop,
          nicolae_diamond_shop, minmay_misc_feat_ornament, saegor_snake_ambush,
          uniq_terence

Skill      XL: |  1  2  3  4 |
---------------+-------------+-----
Ranged Weapons | 3 4 |  4.4
Fighting       | 2 |  2.0
Armour         | 1 |  1.1
Dodging        | |  1.5
Spellcasting   | |  1.0
Hexes          | |  2.6

Action                     |  1- 3 |  4- 6 || total
---------------------------+-------+-------++-------
   Fire: Sling             |   125 |   127 ||   252
    Use: Potion            |     2 |     2 ||     4
         Scroll            |     1 |     6 ||     7
 Armour: Robe              |    29 |       ||    29
         Ring mail         |    20 |    34 ||    54
  Dodge: Dodged            |    76 |    48 ||   124

Table legend:
 A = Non-vault XP
 B = Vault XP
 C = Vault XP percentage of total XP
 D = Non-vault monster count
 E = Vault monster count
 F = Vault count percentage of total count
                 A         B        C        D         E       F
            +---------+---------+-------+---------+---------+-------
      Total |     146 |      15 |   9.3 |      55 |       8 |  12.7
            +---------+---------+-------+---------+---------+-------
        D:1 |      55 |       8 |  12.7 |      30 |       6 |  16.7
        D:2 |      86 |       7 |   7.5 |      23 |       2 |   8.0
        D:3 |       5 |       0 |   0.0 |       2 |       0 |   0.0
            +---------+---------+-------+---------+---------+-------
